 Dungeon Crawl Stone Soup version 0.26-a0-1035-g76280ab330 (webtiles) character file.

Game seed: 14426873441165828707

124 Dracia the Poker (level 5, 0/41 HPs)
             Began as a Merfolk Delver on Dec 10, 2020.
             Slain by an ice beast (8 damage)
             ... on level 5 of the Dungeon.
             The game lasted 00:01:19 (1277 turns).

Dracia the Poker (Merfolk Delver)                   Turns: 1277, Time: 00:01:20

Health: 0/41       AC:  3    Str: 13    XL:     5   Next: 8%
Magic:  5/5        EV: 13    Int:  9    God:
Gold:   3          SH:  0    Dex: 16    Spells: 4/4 levels left

rFire    . . .     SeeInvis .   a - +0 spear
rCold    . . .     Faith    .   (no shield)
rNeg     . . .     Spirit   .   b - +0 leather armour
rPois    .         Reflect  .   (no helmet)
rElec    .         Harm     .   (no cloak)
rCorr    .         Rampage  .   (no gloves)
Will     .....                  (no boots)
Stlth    +++.......             (no amulet)
HPRegen  0.13/turn              (no ring)
MPRegen  0.09/turn              (no ring)

@: no status effects
A: change form in water, swift swim, stealthy swim
a: no special abilities


You were on level 5 of the Dungeon.
You visited 1 branch of the dungeon, and saw 1 of its levels.

You collected 3 gold pieces.


   Skills:
 - Level 3.2 Fighting
 + Level 7.4 Polearms
 - Level 2.6 Dodging
 - Level 5.4 Stealth


You had 4 spell levels left.
You didn't know any spells.
Your spell library was empty.

Inventory:

Hand Weapons
 a - a +0 spear (weapon)
Armour
 b - a +0 leather armour (worn)
Wands
 g - a wand of digging (3)
Scrolls
 c - a scroll of fog
 e - a scroll of fear

Dungeon Overview and Level Annotations

Branches:
Dungeon (5/15)
 Temple: D:4-7

Altars:

,******* *,*,*.....###.#
,************,*,,.........#
,,,,,,,,,,,,,,***,....###.#
,,,************ **...** #.#
,,,* *#.#* #$# ,,,* #$# #.#
,,,******#**** #.#####.#
,,,,,,,,,....######.......#
*,,********#.(..@YZ..######
,,,* #########.#
**,******** #.# **,,,,,,,,*
#.# **,,,,,,,,* #.#
**,,,,,,,,*********#w#
,,,,,,,,,,,,,,,,,,,..#
>,*,,,,,,,**********##
***,,,,,,,*


You could see an ice beast and a bullfrog skeleton.


Message History

The ice beast is lightly wounded.
The ice beast misses you.
You barely miss the ice beast.
The ice beast is lightly wounded.
You barely miss the ice beast.
The ice beast is lightly wounded.
The ice beast hits you.
* * * LOW HITPOINT WARNING * * *
The ice beast freezes you!
* * * LOW HITPOINT WARNING * * *
You barely miss the ice beast.
The ice beast is lightly wounded.
The ice beast hits you but does no damage.
You hit the ice beast but do no damage.
The ice beast is lightly wounded.
The ice beast closely misses you.
You hit the ice beast but do no damage.
The ice beast is lightly wounded.
You hit the ice beast.
The ice beast is heavily wounded.
The ice beast closely misses you.
You hit the ice beast but do no damage.
The ice beast is heavily wounded.
The ice beast barely misses you.
You hit the ice beast but do no damage.
The ice beast is heavily wounded.
The ice beast hits you.
* * * LOW HITPOINT WARNING * * *
The ice beast freezes you!
You die...

Skill      XL: |  1  2  3  4 |
---------------+-------------+-----
Polearms       | 5 6 7 |  7.4
Fighting       | |  3.2
Dodging        | |  2.6
Stealth        | |  5.4

Action                   |  1- 3 |  4- 6 || total
-------------------------+-------+-------++-------
Melee: Spear             |    54 |    39 ||    93
  Use: Potion            |     1 |       ||     1
       Scroll            |       |     1 ||     1
 Stab: Sleeping          |     1 |     4 ||     5
Armor: Leather armour    |     4 |     3 ||     7
Dodge: Dodged            |    29 |    30 ||    59

Levels and vault maps discovered:
D:5:      kb_forest_paths, layout_loops_ring

Notes
Turn   | Place    | Note
-------+----------+-------------------------------------------
     0 | D:5      | Dracia the Merfolk Delver began the quest for the Orb.
     0 | D:5      | Reached XP level 1. HP: 18/18 MP: 1/1
    54 | D:5      | Reached skill level 5 in Polearms
    54 | D:5      | Reached XP level 2. HP: 6/24 MP: 2/2
    54 | D:5      | Reached XP level 3. HP: 8/29 MP: 3/3
   551 | D:5      | Reached skill level 6 in Polearms
   551 | D:5      | Reached XP level 4. HP: 6/35 MP: 4/4
   852 | D:5      | Reached skill level 7 in Polearms
   978 | D:5      | Reached XP level 5. HP: 15/41 MP: 5/5
  1192 | D:5      | Noticed an ice beast
  1277 | D:5      | Slain by an ice beast

Vanquished Creatures
  A centaur skeleton (D:5)
  2 hounds (D:5)
  A killer bee zombie (D:5)
  An adder (D:5)
  An adder zombie (D:5)
  A worm (D:5)
  A frilled lizard (D:5)
8 creatures vanquished.

Table legend: (Time is in decaauts)
 A = Elapsed time spent in this place.
 B = Non-inter-level travel time spent in this place.
 C = Inter-level travel time spent in this place.
 D = Time resting spent in this place.
 E = Time spent auto-exploring this place.
 F = Levels seen in this place.
 G = Mean time per level.
                   A        B        C        D        E       F      G
               +--------+--------+--------+--------+--------+-----+--------+
         Total |   1245 |   1245 |      0 |    690 |    384 |   1 | 1245.0 |
       Dungeon |   1245 |   1245 |      0 |    690 |    384 |   1 | 1245.0 |
               +--------+--------+--------+--------+--------+-----+--------+

Top non-repeatable levels by time:
     D:5: 1245 daAuts

Table legend:
 A = Non-vault XP
 B = Vault XP
 C = Vault XP percentage of total XP
 D = Non-vault monster count
 E = Vault monster count
 F = Vault count percentage of total count
                 A         B        C        D         E       F
            +---------+---------+-------+---------+---------+-------
      Total |     168 |      10 |   5.6 |       6 |       2 |  25.0
            +---------+---------+-------+---------+---------+-------
        D:5 |     168 |      10 |   5.6 |       6 |       2 |  25.0
            +---------+---------+-------+---------+---------+-------
